 Dungeon Crawl Stone Soup version 0.27-a0-1248-g57ac2eb73c (webtiles) character file.

Game seed: 3886907805039659990

11 Decritt the Covered (level 2, 27/27 HPs)
             Began as a Minotaur Fighter on June 10, 2021.
             Quit the game on level 1 of the Dungeon on July 12, 2021.
             The game lasted 00:00:53 (376 turns).

Decritt the Covered (Minotaur Fighter)               Turns: 376, Time: 00:00:54

Health: 27/27      AC:  7    Str: 20    XL:     2   Next: 17%
Magic:  1/1        EV:  7    Int:  5    God:
Gold:   34         SH:  9    Dex:  9    Spells: 1/1 levels left

rFire    . . .     SeeInvis .   a - +0 war axe
rCold    . . .     Faith    .   c - +0 kite shield
rNeg     . . .     Spirit   .   b - +0 scale mail
rPois    .         Reflect  .   (helmet restricted)
rElec    .         Harm     .   (no cloak)
rCorr    .         Rampage  .   (no gloves)
Will     .....                  (no boots)
Stlth    ..........             (no amulet)
HPRegen  0.09/turn              (no ring)
MPRegen  0.07/turn              (no ring)

@: no status effects
A: horns 2, retaliatory headbutt
a: no special abilities


You were on level 1 of the Dungeon.
You visited 1 branch of the dungeon, and saw 1 of its levels.

You collected 34 gold pieces.

Inventory:

Hand Weapons
 a - a +0 war axe (weapon)
Armour
 b - a +0 scale mail (worn)
 c - a +0 kite shield (worn)
Scrolls
 e - a scroll of enchant weapon {unknown}
 f - a scroll of identify {unknown}
Potions
 d - a potion of might
 g - a potion of berserk rage {unknown}


   Skills:
 + Level 3.8 Fighting
 + Level 2.7 Axes
 + Level 3.8 Armour
 + Level 3.8 Shields


You had one spell level left.
You didn't know any spells.
Your spell library was empty.

Dungeon Overview and Level Annotations

Branches:
Dungeon (1/15)

Altars:


Innate Abilities, Weirdness & Mutations

You have a pair of horns on your head.
You reflexively headbutt those who attack you in melee.


Message History

You block the hobgoblin's attack.
You closely miss the hobgoblin.
The hobgoblin is almost dead.
The hobgoblin hits you.
The hobgoblin hits you but does no damage.
A kobold comes into view. It is wielding a +0 club.
You slash the hobgoblin!
You kill the hobgoblin!
You block the kobold's attack.
You see here a hobgoblin corpse.
You hit the kobold.
You kill the kobold!
Found a mace and 19 bolts.
Things that are here:
a +0 club; 2 stones No target in view!
No target in view!
No target in view!
You now have 25 gold pieces (gained 15).
g - a ruby potion You now have 34 gold pieces (gained 9).
A quokka comes into view.
The quokka moves out of view.
No target in view!
No target in view!
No target in view!
Save game and exit? [Y]es or [N]o only, please.
Save game and exit?
Welcome back, Decritt the Minotaur Fighter.
Press ? for a list of commands and other information.
Unknown command.
Okay, then.
Unknown command.
Unknown command.
Unknown command.
Unknown command.
Unknown command.
Okay, then.
Are you sure you want to abandon this character and quit the game? (Confirm with "yes".)

##.....#.....## #.
##.............#####
#...................
#...............####
#...............#
#...............#
#...............#
##.............##
#..@....#.....##
#r############# ..
... ... .# .. .. .
##


You could see a quokka.

Vanquished Creatures
  2 endoplasms (D:1)
  A goblin (D:1)
  3 hobgoblins (D:1)
  2 ball pythons (D:1)
  A bat (D:1)
  A kobold (D:1)
  A rat (D:1)
11 creatures vanquished.

Notes
Turn   | Place    | Note
-------+----------+-------------------------------------------
     0 | D:1      | Decritt the Minotaur Fighter began the quest for the Orb.
     0 | D:1      | Reached XP level 1. HP: 19/19 MP: 0/0
   280 | D:1      | Reached XP level 2. HP: 27/27 MP: 1/1
   376 | D:1      | Quit the game

Illustrated notes

Levels and vault maps discovered:
D:1:      eino_arrival_water_star, layout_rooms

Action                   || total
-------------------------++-------
Melee: War axe           ||    17
       Headbutt          ||     3
Armor: Scale mail        ||     7
Dodge: Dodged            ||     4
Block: Kite shield       ||    14

Table legend: (Time is in decaauts)
 A = Elapsed time spent in this place.
 B = Non-inter-level travel time spent in this place.
 C = Inter-level travel time spent in this place.
 D = Time resting spent in this place.
 E = Time spent auto-exploring this place.
 F = Levels seen in this place.
 G = Mean time per level.
                   A        B        C        D        E       F      G
               +--------+--------+--------+--------+--------+-----+--------+
         Total |    386 |    386 |      0 |      0 |    328 |   1 |  386.0 |
       Dungeon |    386 |    386 |      0 |      0 |    328 |   1 |  386.0 |
               +--------+--------+--------+--------+--------+-----+--------+

Top non-repeatable levels by time:
     D:1: 386 daAuts
